Map: Thunderbird LE

Players

TiPtOP - Winner!

  • Race: Terran Terran
  • League: Silver
  • Spawn Location: 5:00

deFragNZ

  • Race: Terran Terran
  • League: Silver
  • Spawn Location: 11:00

VOD

Have the link to the VOD?

Description

Time

  • Played on: Aug. 17, 2019, 12:43 a.m.
  • Length: 18:20
Show
View Real Time Build Order
Export as new Build Order

TiPtOP Terran - Winner!

Build Orders: Mech 

Get SALT Encoding   

  12  0:01  SCV  
  13  0:17  SCV  
  14  0:23  Supply Depot  
  14  0:36  SCV  
  15  0:47  Barracks  
  15  0:52  Refinery, SCV  
  16  1:07  SCV  
  17  1:20  SCV  
  18  1:27  Command Center  
  18  1:37  Orbital Command  
  18  1:42  Marine  
  19  2:03  SCV  
  20  2:16  Barracks Tech Lab  
  20  2:17  Factory  
  20  2:30  SCV  
  21  2:38  Command Center  
  21  2:40  Marine  
  22  2:45  Orbital Command  
  22  2:50  SCV  
  23  2:56  Refinery  
  23  3:02  SCV  
  24  3:17  SCV  
  24  3:18  SCV, Armory  
  26  3:27  Siege Tank  
  29  3:47  SCV  
  30  3:49  SCV  
  31  3:57  Factory  
  31  3:59  SCV  
  31  4:01  SCV  
  33  4:12  Refinery  
  33  4:13  SCV x2, Supply Depot  
  35  4:23  Siege Tank  
  38  4:25  SCV x2  
  40  4:36  Supply Depot  
  40  4:37  SCV x2  
  42  4:39  Orbital Command  
  42  4:42  Factory Reactor  
  42  4:48  Engineering Bay  
  42  4:55  Siege Tank  
  42  4:58  Supply Depot  
  42  4:59  SCV  
  46  5:11  SCV  
  47  5:15  Factory  
  47  5:26  Missile Turret  
  47  5:36  Missile Turret  
  47  5:40  Siege Tank  
  47  5:42  Hellion x2  
  54  5:47  SCV  
  55  5:57  Refinery  
  55  5:59  SCV x3  
  58  6:11  SCV, Factory Tech Lab  
  58  6:12  Thor  
  65  6:19  Factory  
  61  6:54  Thor  
  61  6:57  Supply Depot  
  67  7:18  Missile Turret  
  67  7:20  Missile Turret, Supply Depot  
  67  7:22  SCV x2  
  70  7:23  Missile Turret, Orbital Command  
  70  7:25  Missile Turret  
  68  7:34  SCV  
  67  7:42  Supply Depot  
  58  7:57  Thor  
  62  8:04  SCV  
  62  8:05  SCV x2  
  65  8:16  SCV  
  65  8:17  SCV  
  67  8:20  Factory Tech Lab  
  67  8:28  SCV  
  68  8:34  Missile Turret  
  68  8:37  Command Center  
  68  8:40  Thor, SCV  
  75  8:43  Factory  
  75  8:47  Factory  
  75  8:52  SCV  
  75  8:53  Refinery  
  75  8:55  Refinery  
  69  9:04  SCV  
  58  9:19  Thor  
  58  9:22  SCV x3  
  58  9:23  Thor  
  73  9:29  Refinery  
  73  9:34  SCV x2  
  73  9:38  Missile Turret x2  
  75  9:40  Missile Turret  
  75  9:41  SCV  
  76  9:46  SCV x2  
  78  10:03  Factory Tech Lab, Factory Reactor  
  78  10:06  Hellion  
  80  10:18  SCV x3  
  83  10:22  Thor x3  
  83  10:28  Hellion  
  103  10:32  Supply Depot  
  103  10:33  Refinery  
  103  10:35  Supply Depot  
  103  10:36  Refinery, Supply Depot  
  103  10:38  Missile Turret  
  103  10:48  Thor  
  109  10:59  Supply Depot  
  109  11:01  Terran Vehicle Weapons Level 1  
  109  11:04  Neosteel Armor  
  109  11:22  Supply Depot  
  109  11:32  Supply Depot x2  
  109  11:34  Planetary Fortress  
  109  11:42  SCV x3  
  112  11:47  Supply Depot  
  112  11:49  Thor x2  
  112  11:50  Hellion x2  
  129  11:54  SCV  
  129  11:59  Supply Depot  
  129  12:21  SCV  
  130  12:32  SCV  
  130  12:33  SCV  
  132  12:37  SCV  
  132  12:38  Thor x3, SCV  
  132  12:39  Thor  
  132  12:40  Hellion x3  
  132  12:42  Infernal Pre-Igniter  
  165  12:44  SCV  
  165  12:45  SCV, Smart Servos  
  165  12:49  SCV  
  167  12:56  SCV  
  168  13:17  Hellion x3  
  168  13:18  Hellion, Factory  
  176  13:21  Thor x2, Armory  
  176  13:23  Factory  
  176  13:25  Supply Depot  
  176  13:26  Supply Depot  
  188  13:33  Terran Vehicle And Ship Armor Level 1  
  188  13:47  Hellion x3, Thor  
  200  13:49  Supply Depot  
  200  13:51  Supply Depot  
  200  14:14  Supply Depot  
  200  14:15  Hellion x2  
  200  14:21  Command Center  
  178  14:55  Terran Vehicle Weapons Level 2  
  178  14:58  Thor x4  
  177  15:00  Hellion x3  
  177  15:06  SCV  
  172  15:18  SCV  
  173  15:30  SCV  
  173  15:32  Terran Vehicle And Ship Armor Level 2  
  174  15:42  Command Center, Factory Tech Lab  
  174  15:43  Factory Reactor  
  174  16:07  Command Center  
  174  16:09  Missile Turret  
  174  16:22  Thor x2  
  174  16:24  Hellion x3  
  192  16:50  SCV  
  193  17:02  SCV  
  194  17:13  Refinery  
  194  17:14  SCV  
  194  17:15  Refinery  
  193  17:36  Thor  
  174  18:05  SCV  
Show
View Real Time Build Order
Export as new Build Order

deFragNZ Terran 

Build Orders:  

Get SALT Encoding   

  12  0:00  SCV  
  13  0:12  SCV  
  14  0:17  Supply Depot  
  14  0:27  SCV  
  15  0:35  Refinery  
  15  0:42  Barracks  
  15  0:45  SCV  
  16  0:57  SCV  
  17  1:09  SCV  
  18  1:21  SCV  
  19  1:32  Marine  
  19  1:39  Command Center  
  20  1:49  SCV  
  20  1:53  Supply Depot  
  21  2:00  Barracks Reactor  
  21  2:05  Factory  
  21  2:10  Refinery  
  21  2:21  Orbital Command  
  21  2:44  Marine x2  
  23  2:53  Starport  
  23  2:57  Factory Tech Lab  
  23  3:07  Orbital Command  
  23  3:10  Refinery  
  23  3:13  Refinery  
  23  3:26  Supply Depot  
  23  3:32  Supply Depot  
  23  3:45  SCV x2  
  25  4:03  Fusion Core  
  25  4:07  Starport Tech Lab  
  25  4:51  Battlecruiser  
  31  4:58  Starport  
  31  5:02  Command Center  
  31  5:12  SCV  
  32  5:18  SCV  
  33  5:24  SCV  
  34  5:30  SCV  
  34  5:34  Weapon Refit  
  35  5:36  SCV  
  35  5:37  Starport Tech Lab  
  35  5:42  SCV  
  37  5:44  Refinery  
  37  5:57  Battlecruiser  
  43  6:08  Refinery  
  43  6:12  Battlecruiser  
  49  6:45  Marine x2  
  51  7:02  Battlecruiser, Marine x2  
  59  7:16  Battlecruiser  
  59  7:20  Marine x2  
  61  8:06  Battlecruiser  
  67  8:14  Marine x2  
  69  8:20  Battlecruiser  
  75  8:27  Orbital Command  
  75  8:29  SCV x2  
  77  9:30  Supply Depot x2  
  77  9:35  Supply Depot  
  77  9:36  Supply Depot  
  77  9:51  SCV x2, Marine x2  
  81  9:57  Battlecruiser x2  
  81  9:58  Supply Depot x2  
  93  10:03  SCV x2  
  93  10:05  Armory x2  
  95  10:07  Armory  
  95  10:10  Engineering Bay  
  95  10:15  SCV  
  96  10:35  Engineering Bay  
  96  10:41  SCV  
  97  10:45  SCV  
  97  10:49  SCV  
  99  10:53  SCV  
  99  10:55  Engineering Bay  
  100  10:57  SCV  
  100  11:01  Battlecruiser, SCV  
  108  11:05  Terran Ship Weapons Level 1  
  108  11:06  SCV  
  108  11:08  Terran Vehicle And Ship Armor Level 1  
  108  11:09  SCV  
  108  11:10  Terran Vehicle Weapons Level 1  
  110  11:13  Terran Infantry Weapons Level 1  
  110  11:15  Terran Infantry Armor Level 1  
  110  11:18  SCV  
  111  11:21  SCV  
  112  11:30  SCV  
  113  11:40  Battlecruiser  
  113  11:41  Marine  
  113  11:42  Marine  
  113  11:45  Siege Tank  
  124  11:59  Barracks  
  124  12:00  Barracks x2  
  124  12:02  Barracks  
  124  12:18  Supply Depot  
  124  12:20  Supply Depot  
  124  12:42  SCV  
  125  12:49  Battlecruiser x2  
  137  12:52  Command Center  
  137  12:54  SCV  
  138  13:04  Supply Depot  
  138  13:05  Supply Depot  
  138  13:07  SCV, Supply Depot  
  138  13:10  Terran Vehicle And Ship Armor Level 2  
  138  13:12  Terran Vehicle Weapons Level 2  
  139  13:16  Terran Ship Weapons Level 2  
  139  13:19  SCV  
  140  13:26  Barracks Tech Lab x2  
  140  13:27  Barracks Reactor x2, Supply Depot x2  
  140  13:30  Supply Depot  
  140  13:31  SCV  
  141  13:52  SCV  
  141  13:54  SCV x2  
  144  14:04  SCV  
  144  14:06  SCV x2  
  147  14:16  SCV  
  148  14:18  SCV x2  
  148  14:23  Terran Infantry Weapons Level 2  
  150  14:25  Terran Infantry Armor Level 2  
  150  14:28  SCV  
  150  14:30  SCV x2  
  159  14:35  Marine x5  
  159  14:36  Marine x3  
  173  14:40  SCV  
  140  14:53  Marine x6  
  67  15:33  Marine x2  
  67  15:34  Marine x3  
  67  15:35  Marine, Marauder x2  
  77  15:51  Marine x3  
  77  15:52  Marine x2  
  77  15:53  Marine  
  77  15:56  Marauder  
  77  15:57  Marauder  
  87  16:08  Stimpack, Combat Shield  
  87  16:09  Marine x5  
  92  16:11  Marine  
  92  16:15  Siege Tank  
  92  16:17  Marine  
  97  16:41  Marauder  
  97  16:42  Marine x3, Marauder  
  97  16:43  Marine x3  
  107  16:55  Starport Reactor  
  107  17:00  Marine  
  106  17:16  Command Center  
  99  17:32  Medivac x2  
  99  17:34  Marine x2  
  99  17:35  Marine x5  
  110  17:43  Marauder  
  102  17:54  Marauder  
Tags
 
Composition
Mech
Matchup
TvT
Race
Terran
Spawn Locations
Cross Positions
Add a new tag
Caveats
  • Supply blocks, unpowered buildings, or Contaminate may cause inaccurate times.
  • Supply counts are checked every 10 seconds.